 Dungeon Crawl Stone Soup version 0.14-a0-3167-gc8df72d (webtiles) character file.

3575 MackTheKnife the Archer (level 9, 0/81 HPs)
             Began as a Centaur Hunter on Mar 10, 2014.
             Was a Believer of Okawaru.
             Succumbed to poison (a potion of poison)
             ... on Level 8 of the Dungeon.
             The game lasted 00:20:05 (8604 turns).

MackTheKnife the Archer (Centaur Hunter)            Turns: 8604, Time: 00:20:05

HP   0/81        AC 13     Str 19      XL: 9   Next: 80%
MP   7/7         EV  9     Int 10      God: Okawaru [**....]
Gold 78          SH  0     Dex 12      Spells:  0 memorised,  8 levels left

rFire  . . .     SeeInvis .     a - +4,+2 lajatang (protect)
rCold  . . .     Clarity  .     d - +1 leather armour
rNeg   . . .     Conserve .     (no shield)
rPois  .         rCorr    .     (no helmet)
rElec  .         rRot     .     (no cloak)
SustAb . .       Spirit   .     p - +0 pair of gloves
rMut   .         Warding  .     (no barding)
Saprov . . .     Stasis   .     (no amulet)
MR     .....                    (no ring)
                                l - ring of flight

@: mighty, lethally poisoned, very quick, not resistant to hostile enchantments,
very unstealthy
A: hooves 3, thin metallic scales 1, deformed body, herbivore 1, speed 2, fast
metabolism 1, tough skin 3, weak 1
a: Heroism, Renounce Religion, Evoke Flight


You were on level 8 of the Dungeon.
You worshipped Okawaru.
Okawaru was pleased with you.
You were hungry.

You visited 2 branches of the dungeon, and saw 9 of its levels.

You collected 378 gold pieces.
You spent 300 gold pieces at shops.


Innate Abilities, Weirdness & Mutations

You have hooves in place of feet.
Armour fits poorly on your strangely shaped body.
You digest meat inefficiently.
You cover ground very quickly.
You have a fast metabolism.
You have extremely tough skin (AC +3).
You are partially covered in thin metallic scales (AC +2).
You are weak. (Str -2)


   Skills:
 + Level 8.2 Fighting
 - Level 8.0 Staves
 - Level 10.9 Bows
 - Level 1.3 Dodging
 - Level 0.5 Stealth


You had 8 spell levels left.
You didn't know any spells.

Inventory:

Hand weapons
 a - a +4,+2 lajatang of protection (weapon)
 b - a +2,+1 bow
Missiles
 s - 24 arrows
Armour
 d - a +1 leather armour (worn)
 p - a +0 pair of gloves (worn)
Magical devices
 t - a wand of fireball (6)
Comestibles
 f - 2 bread rations
 j - 5 pears
 n - an apple
 o - 2 meat rations
 w - a rotting chunk of worker ant flesh {@*1}
 x - a cheese
Scrolls
 e - 2 scrolls of teleportation
 g - a scroll of remove curse
 h - a scroll of amnesia
 k - a scroll of enchant armour
 r - 4 scrolls of identify
Jewellery
 l - a ring of flight (left hand)
Potions
 i - 3 potions of brilliance
Books
 m - a book of Enchantments

   Spells                             Type                      Level
   Cause Fear                         Hexes                        4
   Silence                            Hexes/Air                    5
   Tukima's Dance                     Hexes                        5
   Deflect Missiles                   Charms/Air                   6
   Haste                              Charms                       6
   Discord                            Hexes                        8

▒···············
▒···············
▒▒▒········▒▒▒·
▒·······▒▒
▒·····▒▒▒
▒▒▒▒▒·£··▒▒
▒·······▒▒
▒······▒▒
▒c·····▒
▒▒▒▒▒▒▒▒


There were no monsters in sight!


Message History

You feel sick.
Your surroundings suddenly seem different.
A crimson imp comes into view.
The crimson imp shouts!
Found 8 gold pieces.
* * * LOW HITPOINT WARNING * * *
You feel sick. The crimson imp misses you.
You miss the crimson imp. You kick the crimson imp.
The crimson imp is heavily wounded.
* * * LOW HITPOINT WARNING * * *
You feel sick.
The crimson imp blinks!
You feel like a meek peon again.
* * * LOW HITPOINT WARNING * * *
You feel sick.
* * * LOW HITPOINT WARNING * * *
You feel sick.
* * * LOW HITPOINT WARNING * * *
You feel sick.
* * * LOW HITPOINT WARNING * * *
You feel sick.
* * * LOW HITPOINT WARNING * * *
You feel sick.
Eat which item? (? for menu, Esc to quit)
Okay, then.
Drink which item? (? for menu, Esc to quit)
You feel very mighty all of a sudden.
* * * LOW HITPOINT WARNING * * *
You feel sick.
The crimson imp blinks!
You die...

Action                   |  1- 3 |  4- 6 |  7- 9 || total
-------------------------+-------+-------+-------++-------
Melee: Short sword       |   123 |       |       ||   123
       Halberd           |       |    63 |       ||    63
       Whip              |       |   105 |    85 ||   190
       Lajatang          |       |       |   216 ||   216
 Fire: Bow               |    13 |    57 |    98 ||   168
Invok: Heroism           |       |       |     2 ||     2
Evoke: Wand              |       |       |     1 ||     1
  Use: Scroll            |       |    10 |     8 ||    18
       Potion            |       |     2 |     5 ||     7
 Stab: Distracted        |       |       |     1 ||     1

Vault maps used:
D:1:      ncdulo_watergridlock, minmay_misc_feat_cross
D:2:      overflow_temple_1_default
D:4:      first_bread
D:5:      old_standard_altar, makhleb_altar_promises_db,
          minmay_temple_entry_hall, basic_altar, serial_shops, shop,
          minmay_misc_feat_rows, minmay_misc_feat_x, st_stairs_11
D:6:      lemuel_crystal_altar, serial_shops, shop, shop,
          nicolae_shop_overgrown_old_shop, shop_statue,
          okawaru_altar_gauntlet_db
D:7:      uniq_pikel
D:8:      old_standard_altar, nicolae_overflow_hidden_temple, uniq_eustachio
Temple:   temple_eino_lava_8

Notes
Turn   | Place    | Note
--------------------------------------------------------------
     0 | D:1      | MackTheKnife, the Centaur Hunter, began the quest for the Orb.
     0 | D:1      | Reached XP level 1. HP: 16/16 MP: 1/1
    51 | D:1      | Reached XP level 2. HP: 20/23 MP: 2/2
    85 | D:1      | Reached skill level 6 in Bows
   381 | D:1      | Reached XP level 3. HP: 25/28 MP: 3/3
   848 | D:2      | Reached skill level 7 in Bows
   872 | D:2      | Reached XP level 4. HP: 7/35 MP: 3/3
  1662 | D:2      | Found a radiant altar of Vehumet.
  2009 | D:2      | Reached skill level 8 in Bows
  2236 | D:3      | Reached XP level 5. HP: 16/40 MP: 4/4
  2285 | D:3      | Gained mutation: You are partially covered in thin metallic scales (AC +2). [potion of mutation]
  2285 | D:3      | Gained mutation: You are weak. (Str -2) [potion of mutation]
  3005 | D:4      | Reached skill level 9 in Bows
  3314 | D:4      | Reached XP level 6. HP: 47/47 MP: 5/5
  3617 | D:5      | Entered Level 5 of the Dungeon
  3669 | D:5      | Reached skill level 10 in Bows
  3915 | D:5      | Found a staircase to the Ecumenical Temple.
  3930 | Temple   | Entered the Ecumenical Temple
  3936 | Temple   | Became a worshipper of Warmaster Okawaru
  3979 | D:5      | Found a burning altar of Makhleb.
  3980 | D:5      | Noticed a cacodemon
  4493 | D:5      | Noticed uri's ghost (experienced DEFE)
  4543 | D:5      | Reached XP level 7. HP: 36/52 MP: 5/5
  4549 | D:5      | Reached skill level 2 in Fighting
  4642 | D:5      | Found Orautt's Jewellery Emporium.
  4661 | D:5      | Found an ancient bone altar of Kikubaaqudgha.
  4777 | D:5      | Found a bloodstained altar of Trog.
  5325 | D:6      | Reached skill level 3 in Fighting
  5326 | D:6      | Found Qaano's Antique Weapon Boutique.
  5525 | D:6      | Reached skill level 4 in Fighting
  5553 | D:6      | Found a blossoming altar of Fedhas.
  5563 | D:6      | Reached skill level 5 in Fighting
  5623 | D:6      | Reached XP level 8. HP: 60/70 MP: 6/6
  5665 | D:6      | Found an iron altar of Okawaru.
  5794 | D:6      | Found Binonait's Magic Scroll Boutique.
  5807 | D:6      | Reached skill level 6 in Fighting
  5887 | D:6      | Bought a runed lajatang for 300 gold pieces
  5993 | D:6      | Reached skill level 1 in Staves
  5995 | D:6      | Found Kliz's Magic Scroll Shoppe.
  6007 | D:6      | Reached skill level 2 in Staves
  6021 | D:6      | Acquired Okawaru's first power
  6042 | D:6      | Found Mivug's Jewellery Boutique.
  6372 | D:6      | Reached skill level 3 in Staves
  6431 | D:7      | Noticed Pikel
  6567 | D:7      | Reached skill level 4 in Staves
  6590 | D:7      | Noticed a cyclops
  6976 | D:7      | Killed Pikel
  6976 | D:7      | Reached skill level 5 in Staves
  6976 | D:7      | Reached XP level 9. HP: 27/75 MP: 7/7
  7234 | D:7      | Reached skill level 6 in Staves
  7581 | D:7      | Reached skill level 7 in Staves
  7766 | D:7      | Got an encrusted cutlass
  7767 | D:7      | Identified the cursed +9,+0 cutlass of Tension {drain, Dex-4} (You found it on level 7 of the Dungeon)
  7819 | D:7      | Noticed a troll
  7847 | D:7      | Killed a troll
  8064 | D:7      | Reached skill level 8 in Staves
  8257 | D:8      | Reached skill level 7 in Fighting
  8558 | D:8      | Reached skill level 8 in Fighting
  8567 | D:8      | Paralysed by a potion of paralysis for 4 turns
  8578 | D:8      | HP: 8/81 [poison (a potion of poison)]
  8583 | D:8      | HP: 6/81 [poison (a potion of poison)]
  8589 | D:8      | HP: 4/81 [poison (a potion of poison)]
  8595 | D:8      | HP: 2/81 [poison (a potion of poison)]
  8602 | D:8      | HP: 1/81 [poison (a potion of poison)]
  8604 | D:8      | Succumbed to poison (a potion of poison)

Vanquished Creatures
  Pikel (D:7)
  A troll (D:7)
  A hill giant skeleton (D:7)
  A hungry ghost (D:7)
  A necrophage (D:8)
  4 slaves
  2 ogres
  An ice beast (D:8)
  A centaur (D:5)
  A giant frog (D:6)
  A scorpion (D:6)
  A hippogriff zombie (D:8)
  5 crimson imps
  12 wights
  6 killer bees (D:8)
  5 orc priests
  3 hounds
  A two-headed ogre skeleton (D:6)
  2 gnoll shamans
  4 iguanas
  5 worker ants
  An ogre zombie (D:5)
  2 hound skeletons
  A worker ant zombie (D:6)
  14 gnolls
  11 adders
  A scorpion zombie (D:6)
  2 giant mites
  5 worms
  An iguana skeleton (D:7)
  An adder skeleton (D:7)
  17 orcs
  A bat zombie (D:6)
  11 giant cockroaches
  12 hobgoblins
  12 kobolds
  3 quokkas
  A ball python (D:1)
  16 bats
  4 giant geckos
  3 giant newts
  A giant newt skeleton (D:5)
  9 goblins
  9 jackals (D:1)
  A kobold skeleton (D:4)
  17 rats
215 creatures vanquished.
